 Dungeon Crawl Stone Soup version 0.25.1-2-g60ff931 (webtiles) character file.

Game seed: 16231205613111908976

34 Daunt the Insei (level 3, -2/27 HPs)
             Began as a Demigod Transmuter on Aug 20, 2020.
             Slain by an ooze (3 damage)
             ... on level 2 of the Dungeon.
             The game lasted 00:03:26 (1049 turns).

Daunt the Insei (Demigod Transmuter)                Turns: 1049, Time: 00:03:26

Health: -2/27      AC:  2    Str: 13    XL:     3   Next: 1%
Magic:  7/8        EV: 12    Int: 19    God:
Gold:   23         SH:  0    Dex: 16    Spells: 4/5 levels left

rFire    . . .     SeeInvis .     - Unarmed
rCold    . . .     Gourm    .   (no shield)
rNeg     . . .     Faith    .   b - +0 robe
rPois    .         Spirit   .   (no helmet)
rElec    .         Reflect  .   (no cloak)
rCorr    .         Harm     .   (no gloves)
MR       .....                  (boots currently unavailable)
Stlth    +.........             (no amulet)
HPRegen  0.09/turn              (no ring)
MPRegen  0.11/turn              (no ring)

@: lethally poisoned (-2 -> -8), appendage (expiring)
A: talons 3, high mp 1
a: End Transformation


You were on level 2 of the Dungeon.
You were hungry.
You had grown temporary talons.
You visited 1 branch of the dungeon, and saw 2 of its levels.

You collected 23 gold pieces.

Inventory:

Missiles
 a - 47 arrows
 c - 46 stones (quivered)
Armour
 b - a +0 robe (worn)
Scrolls
 e - a scroll of noise {unknown}
 i - a scroll of identify
 j - a scroll of random uselessness {unknown}
Potions
 g - a potion of mutation
 h - a potion of curing {unknown}
Comestibles
 d - 2 rations
 f - 6 chunks of flesh


   Skills:
 - Level 0.8 Fighting
 - Level 1.7 Dodging
 * Level 3.5 Unarmed Combat
 - Level 1.7 Spellcasting
 + Level 2.3 Transmutations


You had 4 spell levels left.
You knew the following spells:

 Your Spells              Type           Power        Failure   Level  Hunger
a - Beastly Appendage     Tmut           ##....       7%          1    #......

Your spell library contained the following spells:

 Spells                   Type           Power        Failure   Level  Hunger
 Sticks to Snakes         Tmut           ##......     10%         2    ###....
 Spider Form              Tmut/Pois      #.........   32%         3    ###....
 Ice Form                 Ice/Tmut       #.......     71%         4    #####..
 Blade Hands              Tmut           ##........   88%         5    ######.


Dungeon Overview and Level Annotations

Branches:
Dungeon (1/15)


Innate Abilities, Weirdness & Mutations

You have an increased reservoir of magic. (+10% MP)
You have claws for feet.


Message History

* * * LOW HITPOINT WARNING * * *
You feel sick. The adder barely misses you.
Some of the chunks of flesh in your inventory have rotted away.
You closely miss the adder. Your kick misses the adder.
The adder bites you but does no damage. The ooze hits you but does no damage.
The adder barely misses you.
You closely miss the adder. You claw the adder, but do no damage.
* * * LOW HITPOINT WARNING * * *
You feel sick. The ooze hits you but does no damage. The adder bites you.
* * * LOW HITPOINT WARNING * * *
You barely miss the adder. You claw the adder.
The adder is lightly wounded.
The ooze hits you.
* * * LOW HITPOINT WARNING * * *
The adder barely misses you.
You closely miss the adder. Your kick misses the adder.
The adder is lightly wounded.
* * * LOW HITPOINT WARNING * * *
You feel sick. The ooze hits you.
You die...

.....# .....#
.....####
#...(...#
#.......#
#.......#
#.......#
#@J.....#
##S......#
##........#
#.....#####
#.....#
######....##
.......##.#
..........#
...........$#


You could see an ooze and an adder.

Vanquished Creatures
  A dart slug (D:1)
  A giant cockroach (D:1)
  3 goblins (D:1)
  3 hobgoblins
  4 jackals (D:1)
  2 kobolds (D:1)
  6 bats (D:1)
  4 frilled lizards (D:1)
  5 rats (D:1)
29 creatures vanquished.

Notes
Turn   | Place    | Note
-------+----------+-------------------------------------------
     0 | D:1      | Daunt the Demigod Transmuter began the quest for the Orb.
     0 | D:1      | Reached XP level 1. HP: 15/15 MP: 5/5
   166 | D:1      | Reached skill level 3 in Unarmed Combat
   185 | D:1      | Reached XP level 2. HP: 7/22 MP: 7/7
   188 | D:1      | HP: 1/22 [jackal (3)]
   827 | D:1      | Found a glowing golden altar of the Shining One.
  1026 | D:1      | You fall into a shaft and drop 1 floor!
  1038 | D:2      | Reached XP level 3. HP: 27/27 MP: 6/8
  1049 | D:2      | HP: 1/27 [poisoned by an adder]
  1049 | D:2      | Slain by an ooze

Illustrated notes

Levels and vault maps discovered:
D:1:      onia_arrival_mini_maze, layout_basic, tso_metal_star
D:2:      layout_basic, minmay_tetromino_i4, uniq_robin

Skill      XL: |  1 |
---------------+----+-----
Unarmed Combat | 3 |  3.5
Transmutations | 2 |  2.3
Fighting       | |  0.8
Dodging        | |  1.7
Spellcasting   | |  1.7

Action                   || total
-------------------------++-------
Melee: Unarmed           ||   102
       Kick              ||     7
       Punch             ||     3
 Cast: Beastly Appendage ||     2
  Use: Scroll            ||     1
Armor: Robe              ||    19
Dodge: Dodged            ||    77
